 Dungeon Crawl Stone Soup version 0.31.0-32-g396128a36d (webtiles) character file.

Game seed: 4386453315918684826

111 AdnanSaban the Covered (level 4, 0/29 HPs)
             Began as a Gargoyle Fighter on Apr 15, 2024.
             Slain by a gnoll
             ... wielding a +3 spear
              (6 damage)
             ... on level 2 of the Dungeon.
             The game lasted 00:02:06 (1920 turns).

AdnanSaban the Covered (Gargoyle Fighter)           Turns: 1920, Time: 00:02:06

Health: 0/29       AC: 11    Str: 22    XL:     4   Next: 92%
Magic:  4/4        EV:  9    Int:  8    God:
Gold:   119        SH:  4    Dex:  9    Spells: 3/3 levels left

rFire   + . .        a - +0 flail
rCold   . . .        c - +0 buckler
rNeg    + . .        b - +0 scale mail
rPois   ∞            i - +0 helmet
rElec   +            (no cloak)
rCorr   .            (no gloves)
SInv    +            (no boots)
Will    .....        (no amulet) Stlth
                     n - ring of see invisible
HPRegen 0.24/turn    q - ring of protection from fire
MPRegen 0.09/turn

%: no passive effects
@: no status effects
A: sickness immunity, AC +3, negative energy resistance 1, electricity
resistance, torment resistance 1, petrification resistance
a: no special abilities


You were on level 2 of the Dungeon.
You visited 1 branch of the dungeon, and saw 3 of its levels.

You collected 119 gold pieces.

Inventory:

Hand Weapons
 a - a +0 flail (weapon)
Missiles
 g - 6 poisoned darts (quivered)
Armour
 b - a +0 scale mail (worn)
 c - a +0 buckler (worn)
 i - a +0 helmet (worn)
Jewellery
 n - a ring of see invisible (left hand)
 q - a ring of protection from fire (right hand)
Scrolls
 f - a scroll of identify {unknown}
 h - a scroll of revelation {unknown}
 l - 2 scrolls of blinking {unknown}
 m - a scroll of fog {unknown}
 o - a scroll of amnesia {unknown}
 p - a scroll of teleportation {unknown}
Potions
 d - a potion of might
 e - 2 potions of enlightenment {unknown}
 j - 2 potions of curing {unknown}
 k - a potion of magic {unknown}
 r - a potion of lignification {unknown}


   Skills:
 + Level 4.0 Fighting
 + Level 3.1 Maces & Flails
 + Level 4.1 Armour
 + Level 0.5 Dodging
 + Level 0.1 Stealth
 + Level 3.9 Shields


You had 3 spell levels left.
You didn't know any spells.
Your spell library contained the following spells:

 Spells                   Type           Power      Damage    Failure   Level
 Dazzling Flash           Conj/Hex       0%         N/A       99%         3
 Mephitic Cloud           Conj/Alch/Air  0%         N/A       99%         3
 Ozocubu's Armour         Ice            0%         N/A       99%         3
 Curse of Agony           Necr           0%         N/A       100%        5
 Metabolic Englaciation   Hex/Ice        0%         N/A       100%        5
 Silence                  Hex/Air        0%         N/A       100%        5
 Sculpt Simulacrum        Ice/Alch       0%         N/A       100%        6


Dungeon Overview and Level Annotations

Branches:
Dungeon (3/15)

Altars:
Qazlal
Sif Muna


Innate Abilities, Weirdness & Mutations

You are immune to sickness and miasma.
Your stone body is resilient. (AC +3)
You are immune to poison.
You resist negative energy. (rN+)
You are resistant to electric shocks. (rElec)
You are resistant to unholy torment.
You are immune to petrification.


Message History

The adder closely misses you.
You sock the adder!
The adder is almost dead.
The adder bites you but does no damage. You block the adder's attack.
You sock the adder!
You kill the adder!
The ball python closely misses you. x2
You thump the ball python!
You kill the ball python!
The gnoll hits you from afar with a +3 spear.
The gnoll barely misses you. The gnoll completely misses you.
The gnoll hits you but does no damage.
There is a stone staircase leading up here.
The gnoll hits you but does no damage.
You climb upwards.
There is a stone staircase leading down here.
You start resting.
HP restored.
You climb downwards.
The gnoll hits you with a +3 spear. You block the gnoll's attack.
The gnoll hits you with a +3 spear!
There is a stone staircase leading up here.
You barely miss the gnoll. The gnoll completely misses you.
The gnoll hits you but does no damage.
You barely miss the gnoll. The gnoll barely misses you.
The gnoll hits you but does no damage. x2
The gnoll hits you with a +3 spear.
The gnoll hits you from afar with a +0 spear.
* * * LOW HITPOINT WARNING * * *
You climb upwards.
There is a stone staircase leading down here.
Unknown command.
You barely miss the gnoll. The gnoll hits you but does no damage.
You hit the gnoll but do no damage. The gnoll closely misses you.
The gnoll hits you with a +3 spear.
* * * LOW HITPOINT WARNING * * *
You barely miss the gnoll. The gnoll hits you but does no damage.
You barely miss the gnoll. The gnoll hits you but does no damage.
You closely miss the gnoll. The gnoll hits you but does no damage.
You barely miss the gnoll. The gnoll hits you with a +3 spear.
You die...

###....##.# #.#
..........# #.#
..##...#### #.#
..###.##
###############.#
#.###.######
#.....g.g.......#
...<)......#
#.###############
#.########>#
##.######## # #.#
#(#####.........#
# #.#
#......@.######.#
# #.# #.#####g##
#.# # ..# #.# #.#
#.# # ### #.# #.#
#.# # #.# #.#
#####.########
#.# #.#
#.............
#.# #.#
#.###.........
#.# #.# #.#
########## #.#
#.# #.#


You could see a gnoll.

Vanquished Creatures
  4 gnolls
  2 adders
  A ribbon worm (D:2)
  2 dart slugs
  4 orcs (D:3)
  3 bats
  4 endoplasms
  2 goblins
  5 hobgoblins
  4 jackals (D:1)
  2 kobolds
  A quokka (D:2)
  5 ball pythons
  A frilled lizard (D:1)
  4 rats
44 creatures vanquished.

Notes
Turn   | Place    | Note
-------+----------+-------------------------------------------
     0 | D:1      | AdnanSaban the Gargoyle Fighter began the quest for the
                  | Orb.
     0 | D:1      | Reached XP level 1. HP: 14/14 MP: 1/1
    81 | D:1      | Reached XP level 2. HP: 17/19 MP: 2/2
   692 | D:1      | Reached XP level 3. HP: 22/23 MP: 3/3
  1196 | D:1      | Reached XP level 4. HP: 6/29 MP: 4/4
  1384 | D:2      | Found a shimmering blue altar of Sif Muna.
  1793 | D:3      | Found a stormy altar of Qazlal.
  1920 | D:2      | Slain by a gnoll

Illustrated notes

Levels and vault maps discovered:
D:1:      amcnicky_arrival_single_pillar, layout_loops_ring
D:2:      layout_loops_ring, basic_altar
D:3:      layout_basic, nicolae_qazlal_eye_of_the_storm, serial_bayou,
          serial_bayou_shore_b, serial_bayou_shore_b, serial_bayou_pond_c,
          serial_bayou_lagoon_b, minmay_between

Skill      XL: |  1  2  3  4 |
---------------+-------------+-----
Armour         | 4 |  4.1
Fighting       | 4 |  4.0
Maces & Flails | 3 |  3.1
Dodging        | |  0.5
Stealth        | |  0.1
Shields        | |  3.9

Action                     |  1- 3 |  4- 6 || total
---------------------------+-------+-------++-------
  Melee: Flail             |   112 |    65 ||   177
 Armour: Scale mail        |   112 |    71 ||   183
  Dodge: Dodged            |    76 |    34 ||   110
  Block: Buckler           |    26 |    23 ||    49
